[Event "Titled Tuesday Blitz May 9 Early 2023"]
[White "Fernandez Siles, Luis"]
[Black "Rian, Kapriaga"]
[WhiteFideId "2209420"]
[BlackFideId "7103263"]
[WhiteElo "2195"]
[BlackElo "2318"]
[Result "1-0"]
[Round "10"]
[TimeControl "180+2"]
[Date "2023.05.09"]
[WhiteClock "0:00:05"]
[BlackClock "0:00:00"]

1. e4 c6 2. d4 d5 3. exd5 cxd5 4. c4 Nf6 5. Nc3 g6 6. cxd5 Bg7 7. Bb5+ Nbd7 8. d6 exd6 9. Qe2+ Qe7 10. Bf4 d5 11. O-O-O Qxe2 12. Bxe2 O-O 13. Bf3 Nb6 14. h3 Be6 15. Be5 Rac8 16. Ne2 Nc4 17. Kb1 Nxe5 18. dxe5 Ne4 19. Nxe4 dxe4 20. Bxe4 Bxe5 21. Nd4 Bd7 22. Nf3 Rfe8 23. Rxd7 Bxb2 24. Bxb7 Rc5 25. Kxb2 Re2+ 26. Kb3 Rxf2 27. Re1 Rb5+ 28. Kc4 Rf5 29. Nd4 Rf6 30. Ree7 Rxa2 31. Bd5 Rc2+ 32. Kd3 Rcf2 33. g4 Rh2 34. g5 Rff2 35. Bxf7+ Rxf7 36. Rxf7 Rxh3+ 37. Kc4 Rg3 38. Rg7+ 1-0


[Site "https://www.chess.com"]

[Event "Titled Tuesday Blitz May 9 Early 2023"]
[White "Fan_Of_Chucky"]
[Black "I_KID_you_not"]
[WhiteElo "2395"]
[BlackElo "2293"]
[Result "1-0"]
[Round "10"]
[TimeControl "180+2"]
[Date "2023.05.09"]
[WhiteClock "0:00:16"]
[BlackClock "0:00:00"]

1. d4 Nf6 2. Bg5 d5 3. Bxf6 exf6 4. e3 c6 5. c4 dxc4 6. Bxc4 Bd6 7. Ne2 Nd7 8. Nd2 f5 9. d5 c5 10. O-O O-O 11. Nc3 a6 12. a4 Ne5 13. Be2 Qh4 14. f4 Nd7 15. Nf3 Qe7 16. Qd2 Re8 17. Rfe1 Nf6 18. Bc4 h6 19. a5 Bd7 20. Qd3 Ne4 21. Nd2 Nxd2 22. Qxd2 Qf6 23. Re2 Re7 24. Rae1 Rae8 25. Nd1 g5 26. g3 Re4 27. b3 Bb5 28. Nc3 Rxc4 29. bxc4 Bxc4 30. Rg2 g4 31. Rb1 Qe7 32. Rb6 Bb8 33. d6 Qxe3+ 34. Qxe3 Rxe3 35. Rd2 Bxd6 36. Nd5 Re6 37. Nf6+ Rxf6 38. Rdxd6 Rxd6 39. Rxd6 Kg7 40. Rd7 Be6 41. Rxb7 c4 42. Kf2 Kf6 43. Rb6 c3 44. Ke3 c2 45. Kd2 1-0


[Site "https://www.chess.com"]

[Event "Titled Tuesday Blitz May 9 Early 2023"]
[White "Gatterer, Florian"]
[Black "Smith, Shreyas"]
[WhiteFideId "811688"]
[BlackFideId "7400713"]
[WhiteElo "2221"]
[BlackElo "2151"]
[Result "0-1"]
[Round "10"]
[TimeControl "180+2"]
[Date "2023.05.09"]
[WhiteClock "0:00:00"]
[BlackClock "0:00:13"]

1. c4 e6 2. g3 d5 3. Bg2 Nf6 4. Nf3 a6 5. b3 dxc4 6. bxc4 Bd6 7. O-O e5 8. d3 O-O 9. Bb2 Nc6 10. h3 Re8 11. e4 Qe7 12. Nc3 h6 13. Kh2 Ba3 14. Bxa3 Qxa3 15. Nd5 Nxd5 16. cxd5 Nb8 17. Qc2 c6 18. dxc6 Nxc6 19. Rab1 Qe7 20. Qb2 b5 21. Rfc1 Bb7 22. a4 b4 23. a5 Rad8 24. Bf1 Qf6 25. Kg2 Bc8 26. Be2 Qe6 27. h4 Rd6 28. Rc5 Qe7 29. Rbc1 Bd7 30. Kg1 g5 31. hxg5 hxg5 32. Kg2 Rh6 33. Qa1 Kg7 34. R5c4 Reh8 35. Rg1 Bh3+ 36. Kh2 Bf1+ 37. Nh4 Bxe2 38. Rxc6 Rxc6 39. Qe1 Bg4 40. Qe3 gxh4 41. Kg2 h3+ 42. Kf1 h2 43. Rh1 Qf6 44. f4 Qh6 0-1


[Site "https://www.chess.com"]

[Event "Titled Tuesday Blitz May 9 Early 2023"]
[White "Zampronha, Wladimir Camilo"]
[Black "micke12a"]
[WhiteFideId "2103087"]
[WhiteElo "2176"]
[BlackElo "2377"]
[Result "1-0"]
[Round "10"]
[TimeControl "180+2"]
[Date "2023.05.09"]
[WhiteClock "0:01:07"]
[BlackClock "0:00:08"]

1. e4 c5 2. Nf3 d6 3. d4 cxd4 4. Nxd4 Nf6 5. Nc3 g6 6. Be3 Bg7 7. f3 O-O 8. Qd2 Nc6 9. Bc4 Nxd4 10. Bxd4 Be6 11. Bb3 Qa5 12. O-O Rac8 13. Rfe1 Nd7 14. Bxg7 Kxg7 15. Rad1 Qc5+ 16. Kh1 b5 17. Nd5 Rfe8 18. a3 Ne5 19. Qb4 Qxb4 20. axb4 Bxd5 21. exd5 Kf6 22. Ra1 Rc7 23. Ra5 Rb8 24. Rea1 Rbb7 25. Kg1 Nd7 26. Kf2 e6 27. dxe6 fxe6 28. Ke3 d5 29. f4 Nb8 30. c3 Nc6 31. Ra6 Ne7 32. g4 h6 33. h4 h5 34. g5+ Kf7 35. Bc2 Nc8 36. Bd3 Ne7 37. R1a5 d4+ 38. cxd4 Nd5+ 39. Kf3 Nxb4 40. Be4 Nxa6 41. Bxb7 Rxb7 42. Rxa6 b4 43. Ke4 Rc7 44. Ke5 b3 45. d5 exd5 46. Kxd5 Rd7+ 47. Kc4 Re7 48. Kxb3 Re4 49. Rxa7+ Ke6 50. Rg7 Rxf4 51. Rxg6+ Kf7 52. Rf6+ Rxf6 53. gxf6 Kxf6 54. Kc4 Kf5 55. b4 Kg4 56. b5 Kxh4 57. b6 Kg3 58. b7 h4 59. b8=Q+ Kg2 60. Qb7+ Kg3 61. Qg7+ Kh2 62. Kd3 h3 63. Qg4 Kh1 64. Qxh3+ Kg1 65. Qc8 1-0


[Site "https://www.chess.com"]

[Event "Titled Tuesday Blitz May 9 Early 2023"]
[White "Marcziter, Dmitrii"]
[Black "Kirillov, Dmitry"]
[WhiteFideId "13900765"]
[BlackFideId "34180572"]
[WhiteElo "2162"]
[BlackElo "2161"]
[Result "0-1"]
[Round "10"]
[TimeControl "180+2"]
[Date "2023.05.09"]
[WhiteClock "0:00:00"]
[BlackClock "0:00:15"]

1. d4 d5 2. c4 e6 3. Nf3 Nf6 4. Bg5 Bb4+ 5. Nc3 h6 6. Bxf6 Qxf6 7. e3 c6 8. Nd2 O-O 9. Qb3 Bd6 10. Nf3 Nd7 11. cxd5 exd5 12. Bd3 Qe7 13. O-O Nf6 14. h3 Ne4 15. Bxe4 dxe4 16. Nd2 Be6 17. Qc2 f5 18. Rae1 Rad8 19. f3 Bg3 20. Re2 exf3 21. Rxf3 Bb8 22. Nf1 Qg5 23. b3 Rde8 24. Ref2 b5 25. e4 f4 26. Qd2 b4 27. Na4 Qb5 28. Nc5 Bc8 29. Nd3 g5 30. e5 a5 31. Qc2 Bf5 32. Qd2 Ba7 33. Nb2 Qd5 34. Rd3 Bxd3 35. Qxd3 Kg7 36. Rd2 Rxe5 37. Kh2 Re6 38. Nc4 Rd8 39. Re2 Bxd4 0-1


[Site "https://www.chess.com"]

[Event "Titled Tuesday Blitz May 9 Early 2023"]
[White "Brueckner, Thomas"]
[Black "Womacka, Mathias"]
[WhiteFideId "4600452"]
[BlackFideId "4611390"]
[WhiteElo "2322"]
[BlackElo "2377"]
[Result "1/2-1/2"]
[Round "10"]
[TimeControl "180+2"]
[Date "2023.05.09"]
[WhiteClock "0:00:10"]
[BlackClock "0:00:50"]

1. Nf3 c5 2. c4 Nf6 3. g3 b6 4. Bg2 Bb7 5. O-O e6 6. b3 Be7 7. Bb2 O-O 8. Nc3 d5 9. cxd5 Nxd5 10. Nxd5 Bxd5 11. d4 Nd7 12. Qd2 Nf6 13. dxc5 Bxc5 14. b4 Bxf3 15. Qxd8 Raxd8 16. Bxf3 Bxb4 17. Rfd1 Bc5 18. e3 Nd5 19. Bxd5 Rxd5 20. Rxd5 exd5 21. Rd1 Rd8 22. Kf1 f6 23. e4 d4 24. Ke2 Kf7 25. Kd3 Ke6 26. Rc1 f5 27. exf5+ Kxf5 28. Re1 Kg4 29. Re4+ Kf3 30. Rf4+ Kg2 31. h4 Rd7 32. h5 Rd5 33. g4 g6 34. hxg6 hxg6 35. Rf7 a5 36. f4 Kg3 37. f5 gxf5 38. Rxf5 Rd7 39. g5 Kg4 40. Re5 Rg7 41. Re4+ Kxg5 42. Bxd4 Rd7 43. Kc4 Bxd4 44. Rxd4 Rc7+ 45. Kb5 Rc2 46. Kxb6 Rxa2 47. Kb5 Kf5 48. Ra4 Rxa4 49. Kxa4 Ke5 50. Kxa5 1/2-1/2


[Site "https://www.chess.com"]

[Event "Titled Tuesday Blitz May 9 Early 2023"]
[White "Vaglio Munoz, Jaime"]
[Black "Begunov, Konstantin"]
[WhiteFideId "6500145"]
[BlackFideId "4118510"]
[WhiteElo "2199"]
[BlackElo "2050"]
[Result "0-1"]
[Round "10"]
[TimeControl "180+2"]
[Date "2023.05.09"]
[WhiteClock "0:00:24"]
[BlackClock "0:00:19"]

1. e4 c5 2. a3 d5 3. exd5 Qxd5 4. Qf3 Nf6 5. Nc3 Qxf3 6. Nxf3 a6 7. Ne5 Nbd7 8. Nc4 b5 9. Na5 Nb6 10. a4 b4 11. Nd1 Bf5 12. Ne3 Bg6 13. b3 e6 14. Bb2 Nfd5 15. O-O-O f6 16. h4 h5 17. g3 Be7 18. Bg2 Rc8 19. Rhe1 Kf7 20. d3 Rhd8 21. f4 Nxe3 22. Rxe3 Bf5 23. Rde1 Rd7 24. Bf3 g6 25. Bb7 Rb8 26. Bc6 Rd6 27. Be4 Bxe4 28. Rxe4 Bd8 29. Nc4 Nxc4 30. Rxc4 Rc8 31. d4 Rdc6 32. dxc5 Rxc5 33. Rxc5 Rxc5 34. Kd2 f5 35. Re5 Bb6 36. Kd3 Rxe5 37. Bxe5 Bf2 38. Bd6 Bxg3 39. Kc4 Bxh4 40. Bxb4 Bf2 41. Kd3 h4 42. Ke2 Bb6 43. Kf3 Bc7 44. Bc3 e5 45. fxe5 g5 46. b4 Ke6 47. b5 axb5 48. axb5 g4+ 49. Kf4 h3 50. b6 Bxb6 51. Kg3 Bc7 52. Kh4 Bxe5 53. Be1 Kd5 54. c4+ Kxc4 55. Kg5 Kd5 56. Kxf5 g3 57. Bxg3 Bxg3 58. Kg4 h2 59. Kxg3 h1=Q 60. Kg4 Qe4+ 61. Kg3 Qf5 62. Kh4 Ke4 63. Kg3 Ke3 64. Kg2 Ke2 65. Kg3 Qg5+ 66. Kh3 Kf2 67. Kh2 Qh5# 0-1


[Site "https://www.chess.com"]

[Event "Titled Tuesday Blitz May 9 Early 2023"]
[White "Fabris, Alberto"]
[Black "Chemin, Justo Reinaldo"]
[WhiteFideId "801348"]
[BlackFideId "2101580"]
[WhiteElo "2183"]
[BlackElo "1940"]
[Result "0-1"]
[Round "10"]
[TimeControl "180+2"]
[Date "2023.05.09"]
[WhiteClock "0:00:00"]
[BlackClock "0:00:03"]

1. e4 e5 2. Nf3 Nc6 3. Bc4 Bc5 4. c3 Bb6 5. d4 Qe7 6. d5 Nb8 7. a4 a6 8. a5 Ba7 9. b3 d6 10. Be3 Bxe3 11. fxe3 Nf6 12. Nbd2 Nbd7 13. b4 Nf8 14. Qe2 Ng6 15. Bd3 O-O 16. Nf1 Bd7 17. Ng3 h6 18. O-O Nh7 19. Nf5 Qe8 20. N3h4 Ng5 21. Qg4 Nxh4 22. Qxh4 Bxf5 23. Rxf5 Qe7 24. Qg4 g6 25. Rf2 h5 26. Qg3 h4 27. Qg4 Kg7 28. Raf1 Rad8 29. Kh1 Rh8 30. c4 h3 31. g3 Rh5 32. Bc2 Qd7 33. Qe2 Rf8 34. c5 Nh7 35. Qd1 Rg5 36. Ba4 Qg4 37. Qxg4 Rxg4 38. Bc2 Ng5 39. Rc1 Nxe4 40. Bxe4 Rxe4 41. cxd6 cxd6 42. Rb2 Rxe3 43. Kg1 Rd3 44. Rc7 Rb8 45. b5 axb5 46. Rxb5 e4 47. Kf2 Ra3 48. Rd7 Ra2+ 49. Ke3 Ra8 50. Rbxb7 Ra3+ 51. Kxe4 Ra4+ 52. Kd3 Ra3+ 53. Kc4 R3xa5 54. Rxf7+ Kh6 55. Rfd7 Ra4+ 56. Kb3 Ra3+ 57. Kb4 R3a4+ 58. Kb5 R4a5+ 59. Kb4 Rxd5 60. Rh7+ Kg5 61. Rxh3 Rd4+ 62. Kb5 Rd5+ 63. Kc6 Rd3 64. Rh4 Rc8+ 65. Kd7 Rc2 66. Rf4 Rcd2 67. Rb6 d5 0-1


[Site "https://www.chess.com"]

[Event "Titled Tuesday Blitz May 9 Early 2023"]
[White "Qiao, Cindy"]
[Black "Jiganchine, Roman"]
[WhiteFideId "2620243"]
[BlackFideId "2603667"]
[WhiteElo "1777"]
[BlackElo "2266"]
[Result "1/2-1/2"]
[Round "10"]
[TimeControl "180+2"]
[Date "2023.05.09"]
[WhiteClock "0:00:38"]
[BlackClock "0:00:08"]

1. d4 d5 2. Bf4 c5 3. e3 e6 4. c3 Nc6 5. Nf3 Nf6 6. Bd3 Bd6 7. Bg3 O-O 8. Nbd2 Qe7 9. O-O e5 10. dxe5 Nxe5 11. Nxe5 Bxe5 12. Nf3 Bxg3 13. hxg3 Bg4 14. Be2 Rad8 15. Nd2 Bxe2 16. Qxe2 d4 17. cxd4 cxd4 18. e4 d3 19. Qf3 Qb4 20. Rfd1 Rfe8 21. Nb3 Qxe4 22. Nc5 Qxf3 23. gxf3 d2 24. Nxb7 Rb8 25. Nc5 Rxb2 26. Nb3 Re1+ 27. Rxe1 dxe1=Q+ 28. Rxe1 Rxa2 29. Nc5 h5 30. Rb1 a5 31. Rb8+ Kh7 32. Ra8 Nd5 33. Ra7 f6 34. Ne6 a4 35. Rxg7+ Kh8 36. Ra7 a3 37. Nd4 Ra1+ 38. Kg2 Nc3 39. Nb3 Ra2 40. Nc5 Ra1 41. Nb3 Ra2 42. Nc5 Ra1 43. Ne4 Nd5 44. Ra5 a2 45. Nd2 Nc3 46. Ne4 Rc1 47. Nxc3 a1=Q 48. Rxa1 Rxa1 49. Ne4 Kg7 50. Nd6 Ra8 51. Nf5+ Kg6 52. Ne7+ Kg7 53. Nf5+ Kg6 54. Ne7+ Kg7 55. Nd5 Kg6 56. Nf4+ Kh6 57. Kh3 Ra5 58. Ne6 Kg6 59. Kg2 Ra4 60. Nf4+ Kh6 61. Kh3 Rxf4 62. gxf4 Kg6 63. Kh4 Kf5 64. Kxh5 Kxf4 65. Kg6 f5 66. Kf6 Kxf3 67. Kxf5 Kxf2 1/2-1/2


[Site "https://www.chess.com"]

[Event "Titled Tuesday Blitz May 9 Early 2023"]
[White "Antonio, Jorge Carlos"]
[Black "Topalov, Aleksandar"]
[WhiteFideId "113190"]
[BlackFideId "925659"]
[WhiteElo "2247"]
[BlackElo "2151"]
[Result "1-0"]
[Round "10"]
[TimeControl "180+2"]
[Date "2023.05.09"]
[WhiteClock "0:00:03"]
[BlackClock "0:00:00"]

1. d4 Nf6 2. Nf3 g6 3. c4 Bg7 4. Nc3 O-O 5. e4 c5 6. d5 d6 7. Be2 e6 8. O-O Re8 9. h3 exd5 10. exd5 Nfd7 11. Bg5 f6 12. Bh4 g5 13. Bg3 Ne5 14. Nxe5 fxe5 15. Bd3 Nd7 16. Qh5 Nf8 17. h4 g4 18. f3 gxf3 19. Rxf3 Bd7 20. Raf1 Re7 21. Ne4 Be8 22. Qg4 Bg6 23. h5 Bxe4 24. Bxe4 h6 25. Bh4 Qe8 26. Bxe7 Qxe7 27. Rf7 Qxf7 28. Rxf7 Kxf7 29. Qf5+ Ke7 30. Qg4 Bf6 31. Bf5 Bg5 32. Be6 Nh7 33. Qf5 Nf6 34. Bc8 Kd8 35. Bxb7 Rb8 36. Bc6 Rxb2 37. g3 Be3+ 38. Kh1 Rf2 39. Qe6 Rf1+ 40. Kg2 Rf2+ 41. Kh3 Rf1 42. Qxd6+ Kc8 43. g4 Bg5 44. Qf8+ Kc7 45. Qf7+ Kc8 46. Qb7+ Kd8 47. d6 1-0


[Site "https://www.chess.com"]

[Event "Titled Tuesday Blitz May 9 Early 2023"]
[White "Sargissyan, Sargis"]
[Black "Kuchava, Ana"]
[WhiteFideId "13303210"]
[BlackFideId "13605348"]
[WhiteElo "2109"]
[BlackElo "2001"]
[Result "1-0"]
[Round "10"]
[TimeControl "180+2"]
[Date "2023.05.09"]
[WhiteClock "0:00:27"]
[BlackClock "0:00:00"]

1. e4 c5 2. Nc3 Nc6 3. Bb5 Nd4 4. Bc4 e6 5. Nge2 a6 6. Nxd4 cxd4 7. Ne2 b5 8. Bb3 Qb6 9. d3 Bb7 10. O-O Nf6 11. c3 dxc3 12. bxc3 d5 13. e5 Nd7 14. Be3 Qc7 15. f4 Be7 16. f5 Nxe5 17. fxe6 fxe6 18. Nd4 Qd7 19. Qh5+ Ng6 20. Qh3 e5 21. Ne6 Bf6 22. Nxg7+ Qxg7 23. Qe6+ Be7 24. Bxd5 Bxd5 25. Qxd5 Rc8 26. Qb7 Rxc3 27. Qa8+ Kd7 28. Qd5+ Kc7 29. Rf7 Qg8 30. Rxe7+ Nxe7 31. Qxe5+ Kb7 32. Qxc3 Nc6 33. Rf1 Qe6 34. Qxh8 Qxe3+ 35. Kh1 Qe2 36. Qxh7+ Kb6 37. Qf5 Nd4 38. Qf6+ Nc6 39. Rc1 1-0


[Site "https://www.chess.com"]

[Event "Titled Tuesday Blitz May 9 Early 2023"]
[White "Matveeva, Olga"]
[Black "Clawitter, Craig"]
[WhiteFideId "24107018"]
[BlackFideId "2023105"]
[WhiteElo "2009"]
[BlackElo "2241"]
[Result "1/2-1/2"]
[Round "10"]
[TimeControl "180+2"]
[Date "2023.05.09"]
[WhiteClock "0:00:17"]
[BlackClock "0:00:04"]

1. d4 e6 2. c4 Nf6 3. g3 d5 4. Nf3 Be7 5. Bg2 O-O 6. O-O dxc4 7. Qc2 a6 8. a4 Bd7 9. Qxc4 Bc6 10. Bf4 a5 11. Nc3 Na6 12. Rac1 Nb4 13. Rfd1 Bxf3 14. Bxf3 c6 15. e4 Qb6 16. Be3 Qa6 17. Qxa6 Rxa6 18. h4 Rc8 19. Kg2 h6 20. h5 b5 21. axb5 cxb5 22. Nxb5 Rxc1 23. Rxc1 Rb6 24. Rc8+ Kh7 25. Nc3 Nc2 26. Bc1 Ne1+ 27. Kf1 Nxf3 28. Rc7 Ng8 29. d5 Nd4 30. Ra7 Rb4 31. Rxa5 Nb3 32. Ra6 Nxc1 33. dxe6 fxe6 34. Rxe6 Bf6 35. e5 Be7 36. f4 Rxb2 37. Nd5 Rb7 38. f5 Nd3 39. f6 gxf6 40. exf6 Bxf6 41. Nxf6+ Nxf6 42. Rxf6 Kg7 43. Rg6+ Kh7 44. Kg2 Ne5 45. Re6 Ng4 46. Kf3 Rg7 47. Ra6 Rg5 48. Ra7+ Kg8 49. Kf4 Nf6 50. Ra8+ Kg7 51. Ra7+ Kg8 52. Ra8+ Kf7 53. Ra7+ Ke6 54. Ra6+ Ke7 55. Ra7+ Nd7 56. g4 Ke6 57. Ra6+ Ke7 58. Rxh6 Ra5 59. Rc6 Ra4+ 60. Kg3 Rxg4+ 61. Kxg4 Ne5+ 62. Kg5 Nxc6 63. Kg6 Ne5+ 64. Kg7 Nf7 65. h6 Nxh6 1/2-1/2


[Site "https://www.chess.com"]

[Event "Titled Tuesday Blitz May 9 Early 2023"]
[White "Feinig, Mario"]
[Black "Samaganova, Aleksandra"]
[WhiteFideId "1618113"]
[BlackFideId "13800221"]
[WhiteElo "2163"]
[BlackElo "1858"]
[Result "1-0"]
[Round "10"]
[TimeControl "180+2"]
[Date "2023.05.09"]
[WhiteClock "0:00:14"]
[BlackClock "0:00:00"]

1. e4 c5 2. Nc3 e6 3. g3 Nc6 4. Bg2 g6 5. d3 Bg7 6. Be3 Nd4 7. Nce2 d6 8. c3 Nxe2 9. Nxe2 Ne7 10. Qd2 h6 11. h4 b6 12. h5 g5 13. f4 gxf4 14. gxf4 d5 15. O-O-O d4 16. cxd4 cxd4 17. Bf2 Bb7 18. Kb1 Rc8 19. Rhg1 Nc6 20. Bh3 Bf6 21. e5 Bh4 22. Ng3 Bxg3 23. Bxg3 Ne7 24. Bh4 Kd7 25. Qb4 Rc6 26. Rg7 Rf8 27. f5 a5 28. fxe6+ Rxe6 29. Qd6+ Kc8 30. Bxe6+ fxe6 31. Bxe7 Qxd6 32. Bxd6 Rf2 33. Rc7+ Kd8 34. Rxb7 1-0


[Site "https://www.chess.com"]

[Event "Titled Tuesday Blitz May 9 Early 2023"]
[White "Korpics, Zsolt"]
[Black "Dahlgren, James Allen"]
[WhiteFideId "705241"]
[BlackFideId "22256873"]
[WhiteElo "2340"]
[BlackElo "2211"]
[Result "1-0"]
[Round "10"]
[TimeControl "180+2"]
[Date "2023.05.09"]
[WhiteClock "0:00:44"]
[BlackClock "0:00:22"]

1. e4 e6 2. d4 c5 3. Nf3 cxd4 4. Nxd4 Nf6 5. Nc3 Nc6 6. Ndb5 d6 7. Bf4 e5 8. Bg5 a6 9. Na3 b5 10. Nd5 Be7 11. Bxf6 Bxf6 12. c4 b4 13. Nc2 a5 14. g3 O-O 15. Bg2 Be6 16. O-O Bxd5 17. Qxd5 Rc8 18. b3 Nd4 19. Nxd4 exd4 20. f4 Rc5 21. Qb7 g6 22. e5 dxe5 23. Bd5 Qc7 24. Qa6 Kg7 25. Rae1 Re8 26. fxe5 Bxe5 27. Rxf7+ Kh8 28. Rxc7 1-0


[Site "https://www.chess.com"]

[Event "Titled Tuesday Blitz May 9 Early 2023"]
[White "Ramirez, Maria Eugenia"]
[Black "Fajdetic, Hrvoje"]
[WhiteFideId "3301680"]
[BlackFideId "14501945"]
[WhiteElo "1842"]
[BlackElo "2185"]
[Result "1-0"]
[Round "10"]
[TimeControl "180+2"]
[Date "2023.05.09"]
[WhiteClock "0:00:11"]
[BlackClock "0:00:00"]

1. e4 c5 2. c3 d5 3. exd5 Qxd5 4. Nf3 Nf6 5. d4 Bg4 6. Be2 e6 7. O-O Nc6 8. Be3 Rd8 9. dxc5 Bxc5 10. Qxd5 Rxd5 11. Bxc5 Rxc5 12. Nbd2 O-O 13. Rfd1 Rd8 14. Nb3 Rcd5 15. h3 Bh5 16. Rxd5 Rxd5 17. Kf1 Kf8 18. Nbd4 Nxd4 19. Nxd4 Bxe2+ 20. Kxe2 e5 21. Nf5 g6 22. Ne3 Rb5 23. b3 a5 24. c4 Rc5 25. Rd1 Ke7 26. a3 Ne4 27. Kf3 f5 28. b4 axb4 29. axb4 Rc6 30. c5 Ke6 31. g4 b6 32. Rd8 Ng5+ 33. Kg2 bxc5 34. gxf5+ gxf5 35. Re8+ Kf6 36. Rf8+ Ke6 37. Rxf5 Ne4 38. b5 Rb6 39. Rh5 Rxb5 40. Rh6+ Ke7 41. Rxh7+ Kf8 42. Rc7 Nd6 43. Rc6 1-0


[Site "https://www.chess.com"]

[Event "Titled Tuesday Blitz May 9 Early 2023"]
[White "Todorovic, Bojan"]
[Black "Quirke, Jeffrey"]
[WhiteFideId "917087"]
[BlackFideId "2013029"]
[WhiteElo "2266"]
[BlackElo "2211"]
[Result "0-1"]
[Round "10"]
[TimeControl "180+2"]
[Date "2023.05.09"]
[WhiteClock "0:00:00"]
[BlackClock "0:00:33"]

1. d4 e6 2. c4 b6 3. Nc3 Bb4 4. Nf3 Bb7 5. g3 f5 6. Bg2 Nf6 7. O-O Bxc3 8. bxc3 O-O 9. Qc2 Be4 10. Qd2 d6 11. Ba3 Nbd7 12. Ng5 Bxg2 13. Nxe6 Qe7 14. Nxf8 Bxf1 15. Nxd7 Qxd7 16. Rxf1 Qa4 17. Qb2 Qxc4 18. Re1 Re8 19. Qb3 d5 20. Qxc4 dxc4 21. f3 Nd5 22. Bb2 Re3 23. Kf2 h6 24. Rc1 g5 25. Rc2 f4 26. gxf4 gxf4 27. a4 a5 28. Bc1 Re6 29. Bd2 Kf7 30. Rb2 Kg6 31. Rb5 c6 32. Rb1 Kf5 33. Rg1 Rg6 34. Rb1 h5 35. e4+ fxe3+ 36. Bxe3 h4 37. Bd2 h3 38. Rg1 Rxg1 39. Kxg1 b5 40. axb5 cxb5 41. Kf2 a4 42. Bc1 Nxc3 43. Kg3 b4 44. Kxh3 a3 45. Kg3 Nd1 0-1


[Site "https://www.chess.com"]

[Event "Titled Tuesday Blitz May 9 Early 2023"]
[White "De Souza, Cristiano Gomes"]
[Black "KSho99"]
[WhiteFideId "2151758"]
[WhiteElo "2068"]
[BlackElo "2164"]
[Result "1-0"]
[Round "10"]
[TimeControl "180+2"]
[Date "2023.05.09"]
[WhiteClock "0:01:38"]
[BlackClock "0:00:02"]

1. d4 d5 2. c4 dxc4 3. Nf3 Nf6 4. e3 e6 5. Bxc4 c5 6. O-O a6 7. a4 Nc6 8. Qe2 cxd4 9. Rd1 Be7 10. Nxd4 Nxd4 11. Rxd4 Qa5 12. Bd2 Qh5 13. Qxh5 Nxh5 14. Bc3 Bd7 15. Nd2 Rc8 16. Be2 Nf6 17. Rc4 O-O 18. Rc1 Rxc4 19. Nxc4 Bxa4 20. Na5 Rb8 21. Bd4 b6 22. Nc6 Bxc6 23. Rxc6 Nd7 24. Bxa6 Bc5 25. Bc8 Bxd4 26. exd4 Nf6 27. Ba6 Nd5 28. Bc4 Ne7 29. Rc7 Nf5 30. d5 exd5 31. Bxd5 Nh6 32. g4 Kf8 33. g5 Rd8 34. Bc4 Nf5 35. Rxf7+ 1-0


[Site "https://www.chess.com"]

[Event "Titled Tuesday Blitz May 9 Early 2023"]
[White "Torres Dominguez, David"]
[Black "Vifleemskaia, Svetlana"]
[WhiteFideId "2220857"]
[BlackFideId "4129490"]
[WhiteElo "1999"]
[BlackElo "1930"]
[Result "1-0"]
[Round "10"]
[TimeControl "180+2"]
[Date "2023.05.09"]
[WhiteClock "0:00:39"]
[BlackClock "0:00:17"]

1. e4 e5 2. Bc4 Nf6 3. Nc3 c6 4. d4 Nxe4 5. dxe5 Nxc3 6. bxc3 d5 7. Bd3 Bc5 8. h3 Qe7 9. Nf3 h6 10. O-O Be6 11. Rb1 b5 12. Nd4 O-O 13. f4 Bd7 14. Qe1 Re8 15. Qg3 Kh8 16. Bd2 f5 17. Kh1 Bxd4 18. cxd4 Be6 19. Bb4 Qf7 20. Kh2 Nd7 21. Bd6 a5 22. a4 b4 23. Qh4 Nb6 24. Ra1 Nc4 25. Rf3 Nxd6 26. exd6 Rad8 27. Raf1 Rxd6 28. g4 Bd7 29. g5 Re4 30. Rg3 Rxd4 31. Rfg1 c5 32. gxh6 Rxh6 33. Qd8+ Qe8 34. Qxe8+ Bxe8 35. Rxg7 Re6 36. Rg8+ Kh7 37. Bxf5+ Rg6 38. Rxe8 Rxf4 39. Bxg6+ 1-0


[Site "https://www.chess.com"]

[Event "Titled Tuesday Blitz May 9 Early 2023"]
[White "Melikhov, Evgeny V."]
[Black "Van Baar, Esper"]
[WhiteFideId "4122046"]
[BlackFideId "1049321"]
[WhiteElo "2158"]
[BlackElo "2159"]
[Result "1/2-1/2"]
[Round "10"]
[TimeControl "180+2"]
[Date "2023.05.09"]
[WhiteClock "0:00:05"]
[BlackClock "0:00:04"]

1. d4 Nf6 2. c4 e6 3. Nc3 Bb4 4. Qc2 d5 5. cxd5 exd5 6. Bg5 h6 7. Bxf6 Qxf6 8. a3 Bxc3+ 9. Qxc3 c6 10. e3 O-O 11. Nf3 Bf5 12. Be2 Nd7 13. b4 a6 14. O-O Bg4 15. Rfc1 Qe7 16. Ra2 Nf6 17. Ne5 Bxe2 18. Rxe2 Ne4 19. Qb2 f6 20. Nd3 h5 21. Nc5 Nxc5 22. Rxc5 h4 23. h3 g5 24. a4 f5 25. b5 axb5 26. axb5 Qe6 27. Qc1 g4 28. bxc6 gxh3 29. cxb7 Rab8 30. gxh3 Rxb7 31. Kh2 Rg7 32. f4 Qg6 33. Qf1 Qg3+ 34. Kh1 Ra8 35. Rcc2 Ra3 36. Rh2 Rxe3 37. Rcg2 Qf3 38. Qxf3 Rxf3 39. Rxg7+ Kxg7 40. Re2 Kf6 41. Re5 Rxf4 42. Rxd5 Re4 43. Kg2 Kg5 44. Rd8 Kf4 45. d5 Rd4 46. d6 Ke5 47. d7 Ke6 48. Re8+ Kxd7 49. Re5 f4 50. Kf3 Kd6 51. Rh5 Ke6 52. Rxh4 Kf5 53. Rh5+ Kg6 54. Ra5 Rd3+ 55. Kg4 Rg3+ 56. Kxf4 Rxh3 57. Kg4 Rc3 58. Ra6+ Kf7 59. Ra5 Rc7 60. Ra6 Re7 61. Ra5 Re6 62. Rf5+ Ke7 63. Kf4 Kd6 64. Rg5 Ke7 65. Re5 Rxe5 66. Kxe5 1/2-1/2


[Site "https://www.chess.com"]

[Event "Titled Tuesday Blitz May 9 Early 2023"]
[White "Hinds, Nathan"]
[Black "Srdanovic, Jovana"]
[WhiteFideId "7400730"]
[BlackFideId "954810"]
[WhiteElo "2001"]
[BlackElo "2169"]
[Result "1-0"]
[Round "10"]
[TimeControl "180+2"]
[Date "2023.05.09"]
[WhiteClock "0:01:04"]
[BlackClock "0:00:17"]

1. Nf3 d5 2. d4 Nf6 3. c4 c6 4. g3 Bg4 5. Bg2 Bxf3 6. Bxf3 e6 7. Nd2 Be7 8. O-O O-O 9. b3 Nbd7 10. Bb2 Qc7 11. e4 dxe4 12. Nxe4 Nxe4 13. Bxe4 Nf6 14. Bf3 Rad8 15. Qe2 a5 16. Rac1 Qb8 17. Rfd1 Rd7 18. d5 exd5 19. cxd5 cxd5 20. Bxd5 Rxd5 21. Qxe7 Rxd1+ 22. Rxd1 Ne8 23. Rd7 b5 24. Rd8 Qc7 25. Rxe8 Qxe7 26. Rxe7 Rc8 27. Ra7 a4 28. bxa4 bxa4 29. Rxa4 f6 30. Bd4 Rc1+ 31. Kg2 1-0


[Site "https://www.chess.com"]

[Event "Titled Tuesday Blitz May 9 Early 2023"]
[White "Carrasco Miranda, Andres"]
[Black "Tarnowska, Aleksandra"]
[WhiteFideId "3405990"]
[BlackFideId "1180967"]
[WhiteElo "2183"]
[BlackElo "1776"]
[Result "1-0"]
[Round "10"]
[TimeControl "180+2"]
[Date "2023.05.09"]
[WhiteClock "0:00:52"]
[BlackClock "0:00:00"]

1. d4 d5 2. c4 e6 3. Nf3 Nf6 4. g3 Bb4+ 5. Nbd2 Be7 6. Bg2 O-O 7. O-O b6 8. cxd5 exd5 9. Ne5 Bb7 10. Ndf3 Nbd7 11. Bf4 Ne4 12. Rc1 Rc8 13. Nc6 Bxc6 14. Rxc6 Nb8 15. Rc1 c5 16. Qa4 a5 17. Rfd1 c4 18. b3 Qd7 19. Qxd7 Nxd7 20. bxc4 Rxc4 21. Ne5 Rxc1 22. Rxc1 Ndf6 23. e3 Ba3 24. Rc6 b5 25. Bf1 b4 26. h4 Nc3 27. Ra6 Nxa2 28. Rxa5 Nc3 29. Bd3 h6 30. g4 Nfe4 31. Nc6 Rc8 32. Ne7+ Kh7 33. Nxc8 Bb2 34. Rxd5 Nxd5 35. Bxe4+ 1-0


[Site "https://www.chess.com"]